 Dungeon Crawl Stone Soup version 0.21.1-1-g345015fe64 (webtiles) character file.

90 Brecoman the Skirmisher (level 4, 0/37 HPs)
             Began as a Formicid Abyssal Knight on June 21, 2018.
             Was a Believer of Lugonu.
             Succumbed to Crazy Yiuf's poison
             ... on level 2 of the Dungeon.
             The game lasted 00:07:23 (2266 turns).

Brecoman the Skirmisher (Formicid Abyssal Knight)   Turns: 2266, Time: 00:07:24

Health: 0/37       AC:  6    Str: 17    XL:     4   Next: 85%
Magic:  6/6        EV: 10    Int: 12    God:    Lugonu [**....]
Gold:   74         SH:  0    Dex: 10    Spells: 3/3 levels left

rFire    + . .     SeeInvis +   a - +1 hand axe
rCold    x . .     Gourm    .   (no shield)
rNeg     . . .     Faith    .   e - +0 ring mail
rPois    .         Spirit   .   (helmet unavailable)
rElec    .         Reflect  .   (no cloak)
rCorr    .         Harm     .   (no gloves)
MR       .....                  m - +0 pair of boots
Stlth    ..........             g - amulet of magic regeneration
HPRegen  0.12/turn              f - ring of fire
MPRegen  0.35/turn              (no ring)

@: lethally poisoned (0 -> -2)
A: permanent stasis, dig shafts and tunnels, four strong arms, antennae 3
a: Dig, Shaft Self, Depart the Abyss, Bend Space, Renounce Religion


You were on level 2 of the Dungeon.
You worshipped Lugonu.
Lugonu was pleased with you.
You were not hungry.

You visited 1 branch of the dungeon, and saw 2 of its levels.
You visited the Abyss 1 time.

You collected 74 gold pieces.

Inventory:

Hand Weapons
 a - a +1 hand axe (weapon)
Armour
 b - a +1 leather armour
 e - a +0 ring mail (worn)
 j - a +1 pair of boots
 m - a +0 pair of boots (worn)
Jewellery
 f - a ring of fire (left hand)
 g - an amulet of magic regeneration (around neck)
Potions
 d - a potion of lignification
Comestibles
 c - 8 rations


   Skills:
 - Level 3.6 Fighting
 * Level 3.6 Axes
 - Level 2.2 Armour
 - Level 0.8 Dodging
 + Level 3.5 Invocations


You had 3 spell levels left.
You didn't know any spells.

Dungeon Overview and Level Annotations

Branches:
Dungeon (2/15)

Altars:


Innate Abilities, Weirdness & Mutations

You cannot be hasted, slowed, berserked, paralysed or teleported.
You can dig through walls and to a lower floor.
Your four strong arms can wield two-handed weapons with a shield.
You have a pair of large antennae on your head. (SInv)


Message History

You cannot move.
* * * LOW HITPOINT WARNING * * *
You feel sick.
* * * LOW HITPOINT WARNING * * *
You feel sick.
* * * LOW HITPOINT WARNING * * *
You feel sick.
Your transformation is almost over.
* * * LOW HITPOINT WARNING * * *
You feel sick.
You cannot move.
You cannot move.
* * * LOW HITPOINT WARNING * * *
You feel sick.
* * * LOW HITPOINT WARNING * * *
You feel sick.
You feel less wooden.
Your +0 pair of boots unmelds from your body.
Your +0 ring mail unmelds from your body.
You die...

########### #........#
##.........# #÷######.#
...#######.# #.# #.# #..##..# ###
#.# ####.## #..#...# #.# #......
.......##♣♣♣♣♣ #.# #.##.##
#...(...#P.♣.♣♣♣*#### #.###.##.#
..###....♣..♣.§♣#§§§# #........#
### #.....P♣♣♣♣§@).§# #####.####
#...#.♣♣ ♣♣#§§§# #####.#####
##'###♣♣ *#### #.........# ##...#
#.###..##.# ##....# #.###.#.#.#
##.....#### ##########.##......#
#.........####.......##.###.....#
'...<.....'......................
#.........####.....#.#######...##


There were no monsters in sight!

Vanquished Creatures
  Crazy Yiuf (D:2)
  2 adders (D:2)
  2 worms (D:2)
  2 dart slugs (D:2)
  A leopard gecko (D:1)
  6 goblins
  6 hobgoblins
  3 kobolds
  A quokka (D:2)
  3 bats
  2 frilled lizards
  6 rats
  3 fungi (D:2)
38 creatures vanquished.

Notes
Turn   | Place    | Note
-------+----------+-------------------------------------------
     0 | Abyss:1  | Brecoman the Formicid Abyssal Knight began the quest for the Orb.
     0 | Abyss:1  | Reached XP level 1. HP: 18/18 MP: 2/2
    35 | D:1      | Escaped the Abyss
   493 | D:1      | Reached XP level 2. HP: 19/24 MP: 3/3
  1179 | D:2      | Reached XP level 3. HP: 29/30 MP: 5/5
  1189 | D:2      | Reached ** piety under Lugonu
  1664 | D:2      | Reached XP level 4. HP: 16/37 MP: 6/6
  2230 | D:2      | Found a runed door.
  2234 | D:2      | Noticed Crazy Yiuf
  2245 | D:2      | Killed Crazy Yiuf
  2260 | D:2      | HP: 2/55 [poisoned by Crazy Yiuf]
  2266 | D:2      | Succumbed to Crazy Yiuf's poison

Skill      XL: |  1  2  3 |
---------------+----------+-----
Invocations    | 3 |  3.5
Axes           | 3 |  3.6
Fighting       | |  3.6
Armour         | |  2.2
Dodging        | |  0.8

Action                   |  1- 3 |  4- 6 || total
-------------------------+-------+-------++-------
Melee: Hand axe          |   106 |    50 ||   156
  Use: Scroll            |     6 |     2 ||     8
       Potion            |       |     2 ||     2
  Eat: Chunk             |     2 |     2 ||     4
Armor: Ring mail         |    39 |    12 ||    51
       Leather armour    |     7 |       ||     7
Dodge: Dodged            |    64 |     9 ||    73
